 Dungeon Crawl Stone Soup version 0.30-a0-329-g85436e0a43 (webtiles) character file.

Game seed: 11377793165235118818

568 lunkers the Cutter (level 7, -2/37 (56) HPs)
             Began as an Armataur Reaver on Oct 28, 2022.
             Slain by an ogre
             ... wielding a +0 giant club
              (26 damage)
             ... on level 4 of the Dungeon.
             The game lasted 00:05:46 (4628 turns).

lunkers the Cutter (Armataur Reaver)                Turns: 4628, Time: 00:05:46

HP:   -2/37 (56)    AC:  7    Str: 17    XL:     7   Next: 11%
MP:   9/9           EV:  9    Int: 19    God:
Gold: 222           SH:  0    Dex: 11    Spells: 8/9 levels left

rFire   . . .      SeeInvis .    b - +0 dagger (venom)
rCold   . . .      Faith    .    (no shield)
rNeg    . . .      Spirit   .    D - +0 leather armour
rPois   .          Reflect  .    (no helmet)
rElec   .          Harm     .    q - +0 cloak
rCorr   .          Roll     +    m - +1 pair of gloves
Will    .....                    (no barding)
Stlth   +.........               (no amulet)
HPRegen 0.26/turn                l - ring of flight
MPRegen 0.11/turn                y - +6 ring of intelligence

@: flying, very heavily drained
A: large, rugged brown scales 3, deformed body, armoured tail, roll, long
tongue, awkward tongue
a: no special abilities


You were on level 4 of the Dungeon.
You visited 1 branch of the dungeon, and saw 4 of its levels.
You also visited: Sewer.

You collected 222 gold pieces.

Inventory:

Hand Weapons
 a - a +0 short sword
 b - a +0 dagger of venom (weapon)
 t - a +0 short sword
 B - a +2 whip of draining
Missiles
 o - 4 silver javelins
 s - a curare-tipped dart
 v - 8 poisoned darts
 C - 6 atropa-tipped darts
Armour
 m - a +1 pair of gloves (worn)
 q - a +0 cloak (worn)
 D - a +0 leather armour (worn)
Jewellery
 l - a ring of flight (left hand)
 y - a +6 ring of intelligence (right hand)
Wands
 p - a wand of paralysis (8)
Scrolls
 d - a scroll of amnesia {unknown}
 f - 2 scrolls of teleportation {unknown}
 g - a scroll of vulnerability {unknown}
 i - a scroll of immolation {unknown}
 j - 5 scrolls of identify {unknown}
 n - a scroll of enchant weapon {unknown}
 r - a scroll of blinking {unknown}
 w - 2 scrolls of magic mapping {unknown}
Potions
 c - a potion of brilliance {unknown}
 e - 2 potions of heal wounds {unknown}
 h - 2 potions of haste {unknown}
 k - a potion of ambrosia {unknown}
 u - a potion of mutation {unknown}
 x - 2 potions of curing {unknown}
 z - a potion of attraction {unknown}
 A - a potion of cancellation {unknown}


   Skills:
 - Level 1.7 Fighting
 + Level 7.5 Short Blades
 - Level 1.3 Dodging
 - Level 1.7 Spellcasting
 - Level 2.6 Conjurations


You had 8 spell levels left.
You knew the following spells:

 Your Spells              Type           Power      Damage    Failure   Level
p - Kiss of Death         Conj/Necr      24%        2d7       12%         1

Your spell library contained the following spells:

 Spells                   Type           Power      Damage    Failure   Level
 Momentum Strike          Conj/Tloc      12%        3d8       19%         2
 Hailstorm                Conj/Ice       6%         3d4       36%         3


Dungeon Overview and Level Annotations

Branches:
Dungeon (4/15)              Sewer (visited)
 Temple: D:4-7

Altars:
Fedhas
Makhleb
Qazlal
Trog
Yredelemnul

Shops:
D:1 ?


Innate Abilities, Weirdness & Mutations

You are completely covered in rugged brown scales. (AC +3, +7% HP)
Armour fits poorly on your strangely shaped body.
You have a long armoured tail.
You roll when moving toward enemies. (Rampage)
Your long tongue fully drains potion bottles. (2x potion effects)
Your tongue gives you trouble enunciating. (1.5x scroll delay)


Message History

* * * LOW HITPOINT WARNING * * *
You barely miss the gnoll. You hit the gnoll.
The gnoll is poisoned.
The gnoll is moderately wounded.
The gnoll barely misses you.
You hit the gnoll.
The gnoll is heavily wounded.
The gnoll misses you.
You hit the gnoll but do no damage.
The gnoll looks as sick as possible!
The gnoll is severely wounded.
You hit the gnoll.
The gnoll looks as sick as possible!
The gnoll is almost dead.
The gnoll misses you.
You barely miss the gnoll.
You tail-slap the gnoll, but do no damage.
The gnoll is almost dead.
The gnoll hits you with a +0 halberd!
* * * LOW HITPOINT WARNING * * *
You hit the gnoll.
You kill the gnoll!
You see here a +0 halberd.
Things that are here:
a +0 halberd; a gnoll corpse An ogre comes into view.
It is wielding a +0 giant club.
You roll towards the ogre!
The ogre shouts!
An ogre is nearby!
You roll towards the ogre!
An ogre is nearby!
You hit the ogre.
The ogre is poisoned.
The ogre is lightly wounded.
The ogre misses you.
A necrophage comes into view.
You hit the ogre.
The ogre is lightly wounded.
You hit the ogre but do no damage.
The ogre looks as sick as possible!
The ogre is lightly wounded.
The ogre hits you with a +0 giant club!!
Ouch! That really hurt!
You die...

##.... #...## # ##....#
#. ##.....## .# ...##
##.).....# ..#
.....####..).....## ..#
...........).#....## ..#
............[###...##..#
.......@.#...# ##.......
#.....O.##...# ##......
#............# ##.....
##...##......# ##†...
#.... ###....# ####.....
.... ###..###........
.n. ...........## ...
..........## .........##


You could see an ogre (extremely poisoned) and a necrophage.

Vanquished Creatures
  An ogre (D:3)
  A kobold brigand (Sewer)
  2 scorpions (D:4)
  A jelly (D:4)
  3 gnolls (D:4)
  12 adders
  3 river rats (Sewer)
  A worm (D:4)
  2 dart slugs
  10 orcs
  17 ball pythons
  3 endoplasms
  3 giant cockroaches (D:3)
  5 goblins
  6 hobgoblins
  4 jackals (Sewer)
  A quokka (D:1)
  9 bats
  3 frilled lizards
  9 kobolds
  8 rats
104 creatures vanquished.

Vanquished Creatures (others)
  13 plants (Sewer)
13 creatures vanquished.

Grand Total: 117 creatures vanquished

Notes
Turn   | Place    | Note
-------+----------+-------------------------------------------
     0 | D:1      | lunkers the Armataur Reaver began the quest for the Orb.
     0 | D:1      | Reached XP level 1. HP: 18/18 MP: 3/3
   185 | D:1      | Reached skill level 3 in Short Blades
   199 | D:1      | Found Iluratuont's Magic Scroll Shop.
   336 | D:1      | Reached XP level 2. HP: 24/25 MP: 4/4
  1121 | D:2      | Reached XP level 3. HP: 31/31 MP: 5/5
  1895 | D:3      | Found a burning altar of Makhleb.
  1915 | D:3      | Found a bloodstained altar of Trog.
  1915 | D:3      | Found a basalt altar of Yredelemnul.
  1917 | D:3      | Found a blossoming altar of Fedhas.
  1920 | D:3      | Reached skill level 4 in Short Blades
  1997 | D:3      | Found a glowing drain.
  2013 | Sewer    | Entered a sewer
  2142 | Sewer    | Reached XP level 4. HP: 31/38 MP: 6/6
  2178 | Sewer    | Noticed a kobold brigand
  2214 | Sewer    | Killed a kobold brigand
  2215 | Sewer    | Reached skill level 5 in Short Blades
  2215 | Sewer    | Reached XP level 5. HP: 22/39 MP: 5/7
  3054 | D:3      | Reached skill level 6 in Short Blades
  3158 | D:3      | Noticed an ogre
  3166 | D:3      | Killed an ogre
  3167 | D:3      | Reached XP level 6. HP: 11/44 MP: 5/8
  4226 | D:4      | Reached skill level 7 in Short Blades
  4351 | D:4      | Found a stormy altar of Qazlal.
  4496 | D:4      | Reached XP level 7. HP: 28/35 MP: 9/9
  4628 | D:4      | Slain by an ogre

Illustrated notes

Levels and vault maps discovered:
D:1:      saegor_arrival_fortress, layout_basic, serial_shops, shop_statue
D:2:      layout_basic
D:3:      layout_loops_corners, grunt_temple_overflow_open,
          mainiacjoe_overflow_cross_hatched, cheibrodos_sewer_entry_drain,
          minmay_snake_closets
D:4:      layout_layer_cave, mainiacjoe_overflow_catwalk,
          nicolae_qazlal_general_emergency, xom_butterflies,
          minmay_temple_entry_overgrown

Skill      XL: |  1  2  3  4  5  6 |
---------------+-------------------+-----
Short Blades   | 3 4 5 6 7 |  7.5
Fighting       | |  1.7
Dodging        | |  1.3
Spellcasting   | |  1.7
Conjurations   | |  2.6

Action                   |  1- 3 |  4- 6 |  7- 9 || total
-------------------------+-------+-------+-------++-------
Melee: Short sword       |   175 |   292 |       ||   467
       Tailslap          |    26 |    45 |     6 ||    77
       Punch             |     2 |     6 |       ||     8
       Dagger            |       |    15 |    28 ||    43
 Cast: Kiss of Death     |       |     9 |       ||     9
Armor: Leather armour    |    53 |    94 |     7 ||   154
Dodge: Dodged            |    74 |    99 |    10 ||   183

Table legend: (Time is in decaauts)
 A = Elapsed time spent in this place.
 B = Non-inter-level travel time spent in this place.
 C = Inter-level travel time spent in this place.
 D = Time resting spent in this place.
 E = Time spent auto-exploring this place.
 F = Levels seen in this place.
 G = Mean time per level.
                   A        B        C        D        E       F      G
               +--------+--------+--------+--------+--------+-----+--------+
         Total |   4493 |   4264 |    229 |      0 |   3519 |   5 |  898.6 |
       Dungeon |   3702 |   3473 |    229 |      0 |   2952 |   4 |  925.5 |
         Sewer |    790 |    790 |      0 |      0 |    567 |   1 |  790.0 |
               +--------+--------+--------+--------+--------+-----+--------+

Top non-repeatable levels by time:
     D:3: 1459 daAuts
     D:1: 935 daAuts
     D:2: 911 daAuts
   Sewer: 790 daAuts
     D:4: 396 daAuts
